Map: Ley Lines

Players

Highdra

  • Race: Protoss Protoss
  • League: Master
  • Spawn Location: 1:00

Remarcable (uThermal) - Winner!

  • Race: Terran Terran
  • League: Grandmaster
  • Spawn Location: 7:00

Event: HomeStory Cup XXVII

VOD

Have the link to the VOD?

Description

Time

  • Played on: June 28, 2025, 8:25 a.m.
  • Length: 12:18

All games in this series

Show
View Real Time Build Order
Export as new Build Order

Highdra Protoss 

Build Orders: 1 Gate Expand, Blink Stalkers, Colossus Rush 

Get SALT Encoding   

  12  0:00  Probe  
  13  0:12  Probe  
  14  0:17  Pylon  
  14  0:23  Probe  
  15  0:31  Probe  
  16  0:36  Gateway  
  16  0:39  Probe  
  16  0:46  Assimilator  
  17  0:51  Probe  
  18  1:03  Probe  
  19  1:15  Probe  
  20  1:24  Cybernetics Core  
  20  1:33  Nexus  
  20  1:40  Pylon  
  20  1:46  Probe  
  21  1:48  Assimilator  
  21  1:52  Adept  
  21  1:58  Probe  
  24  2:04  Warp Gate  
  24  2:10  Stalker  
  24  2:11  Probe  
  27  2:23  Probe  
  28  2:35  Probe  
  29  2:40  Twilight Council  
  29  2:46  Probe  
  29  2:47  Probe  
  31  2:54  Probe  
  32  2:59  Probe  
  32  3:01  Gateway  
  32  3:02  Blink  
  32  3:04  Probe  
  33  3:09  Robotics Facility  
  33  3:11  Probe  
  35  3:16  Probe  
  36  3:23  Probe  
  37  3:28  Probe  
  37  3:30  Gateway  
  38  3:35  Probe  
  38  3:40  Probe  
  40  3:47  Probe  
  39  3:52  Probe  
  39  3:53  Stalker  
  42  3:59  Probe  
  43  4:08  Probe  
  43  4:12  Probe  
  43  4:14  Observer  
  44  4:18  Pylon  
  44  4:20  Probe  
  44  4:24  Probe, Nexus  
  46  4:26  Pylon  
  46  4:31  Assimilator  
  46  4:32  Assimilator  
  46  4:35  Observer  
  47  4:39  Stalker x3  
  47  4:41  Probe  
  47  4:44  Probe  
  55  4:50  Pylon  
  55  4:51  Probe  
  55  4:52  Probe  
  55  4:59  Probe  
  57  5:00  Probe  
  57  5:01  Robotics Bay  
  59  5:08  Probe  
  59  5:10  Pylon, Probe  
  61  5:20  Probe  
  62  5:22  Probe  
  62  5:26  Pylon, Charge  
  63  5:32  Probe  
  63  5:34  Probe, Shield Battery  
  65  5:39  Probe  
  65  5:41  Colossus  
  66  5:44  Stalker x2  
  66  5:46  Stalker  
  74  5:53  Shield Battery  
  74  5:55  Shield Battery  
  76  6:07  Probe x3  
  67  6:19  Probe x2  
  67  6:21  Probe  
  67  6:24  Stalker x3  
  73  6:27  Extended Thermal Lance  
  73  6:31  Probe x2  
  74  6:33  Probe  
  70  6:46  Probe x2  
  70  6:47  Probe  
  62  6:54  Probe x2  
  57  6:59  Probe  
  60  7:02  Pylon, Probe x2  
  62  7:10  Probe  
  62  7:11  Probe  
  62  7:13  Probe  
  62  7:15  Colossus  
  65  7:18  Probe  
  72  7:23  Probe  
  72  7:26  Probe x2  
  74  7:34  Probe  
  74  7:35  Probe  
  76  7:38  Probe  
  76  7:41  Sentry x2  
  76  7:42  Probe  
  76  7:43  Sentry  
  84  7:47  Probe  
  84  7:50  Probe  
  87  7:53  Probe  
  88  8:00  Gateway x2  
  88  8:03  Gateway  
  88  8:05  Gateway  
  87  8:07  Gateway  
  87  8:14  Colossus  
  87  8:24  Observer  
  93  8:28  Templar Archives  
  93  8:31  Pylon  
  93  8:34  Pylon  
  93  8:40  Pylon x2  
  93  8:42  Probe  
  93  8:49  Probe  
  93  8:51  Pylon  
  93  8:55  Zealot x4  
  102  8:57  Pylon  
  102  8:59  Warp Prism  
  102  9:07  High Templar x4  
  112  9:11  Archon x2  
  112  9:16  Pylon  
  106  9:25  Stalker x3  
  106  9:26  Stalker  
  114  9:33  Probe x2  
  116  9:39  Zealot  
  116  9:40  Zealot x3  
  124  9:50  Archon x2  
  124  9:51  Archon  
  124  9:53  Pylon  
  124  9:58  Zealot x4  
  115  10:15  Stalker x4  
  112  10:28  Sentry x2  
  114  10:30  Pylon  
  114  10:31  Pylon  
  114  10:34  Pylon  
  109  10:37  Pylon  
  103  10:49  Zealot x4  
  66  11:22  High Templar x2  
  66  11:23  Zealot  
  72  11:26  Archon  
  72  11:28  Zealot x2  
Show
View Real Time Build Order
Export as new Build Order

Remarcable Terran - Winner!

Build Orders: Reaper Expand, Banshee Rush 

Get SALT Encoding   

  12  0:00  SCV  
  13  0:12  SCV  
  14  0:17  Supply Depot  
  14  0:24  SCV  
  15  0:38  SCV  
  15  0:41  Barracks  
  16  0:43  Refinery  
  16  0:50  SCV  
  17  1:03  SCV  
  18  1:15  SCV  
  19  1:28  Orbital Command, Reaper  
  20  1:43  Command Center  
  20  1:50  Supply Depot  
  21  1:54  SCV  
  21  2:00  Marine  
  22  2:06  SCV  
  23  2:10  Factory  
  23  2:18  SCV  
  23  2:20  Refinery, Barracks Reactor  
  24  2:27  Bunker  
  24  2:38  SCV  
  25  2:54  Hellion  
  25  2:55  Orbital Command, Starport  
  25  2:57  SCV  
  28  3:00  Marine  
  28  3:01  Marine  
  30  3:09  SCV  
  31  3:16  Factory Tech Lab  
  31  3:18  Marine  
  31  3:19  Marine  
  33  3:21  SCV  
  33  3:24  SCV  
  35  3:33  SCV  
  36  3:36  Marine, SCV  
  36  3:37  Marine  
  36  3:38  Supply Depot  
  38  3:46  SCV  
  39  3:48  SCV  
  39  3:49  Factory Tech Lab  
  39  3:50  Cloaking Field, Banshee  
  39  3:54  Marine  
  39  3:55  Marine  
  45  3:58  SCV  
  45  4:00  SCV  
  47  4:02  Supply Depot  
  45  4:10  SCV  
  45  4:12  SCV  
  45  4:13  Siege Tank  
  45  4:16  Marine x2  
  51  4:22  SCV  
  52  4:25  Supply Depot, SCV  
  53  4:32  Bunker, Banshee  
  53  4:33  Marine  
  53  4:34  Marine  
  53  4:37  SCV x2  
  60  4:47  Siege Tank  
  60  4:50  Barracks  
  60  4:51  Supply Depot  
  63  4:53  SCV x2  
  63  4:55  Marine x2  
  67  5:04  Barracks  
  67  5:05  SCV  
  68  5:08  SCV  
  68  5:09  Refinery  
  68  5:10  Engineering Bay  
  68  5:13  Marine x2  
  71  5:17  SCV  
  71  5:18  Raven  
  74  5:24  SCV  
  74  5:25  Refinery  
  74  5:28  Supply Depot  
  75  5:34  Siege Tank  
  78  5:44  Supply Depot  
  78  5:46  Supply Depot  
  78  5:49  Marine x2, SCV x2  
  82  5:51  Supply Depot, Terran Infantry Weapons Level 1  
  82  6:01  SCV x2  
  80  6:12  Starport Reactor  
  80  6:13  SCV x2  
  80  6:18  Factory Reactor  
  82  6:19  Marauder x2, Marine  
  87  6:25  SCV x2  
  87  6:26  Stimpack, Combat Shield  
  87  6:29  Marine  
  87  6:30  Supply Depot  
  89  6:36  Marine  
  89  6:38  SCV x2  
  92  6:41  Marauder  
  92  6:43  Barracks  
  92  6:45  Barracks  
  92  6:47  Orbital Command x2  
  84  6:50  SCV x2  
  84  6:52  Marine  
  84  6:53  Marauder  
  82  6:56  Medivac x2  
  82  6:59  Widow Mine  
  85  7:01  Widow Mine  
  85  7:07  Command Center  
  85  7:16  Marauder x2, Marine x2  
  85  7:22  SCV x2  
  93  7:26  Medivac  
  92  7:32  Widow Mine  
  92  7:33  Marine  
  92  7:34  Marine, SCV x2  
  100  7:37  Barracks Tech Lab x2  
  100  7:39  Widow Mine  
  100  7:41  Supply Depot  
  100  7:46  Marauder, SCV x2  
  100  7:48  Marauder, Missile Turret  
  106  7:51  Marine  
  106  7:54  Missile Turret  
  106  7:56  Marine x2, Widow Mine  
  111  7:59  Marauder  
  111  8:01  Widow Mine  
  115  8:06  Marine, Concussive Shells  
  115  8:09  Marauder, Marine  
  117  8:14  Marauder  
  117  8:17  Widow Mine  
  117  8:19  Medivac  
  121  8:20  Marauder, Marine, Medivac  
  121  8:21  SCV  
  127  8:28  Marauder, Marine  
  127  8:33  Bunker  
  130  8:34  Bunker  
  130  8:35  Marauder  
  130  8:36  Supply Depot  
  130  8:37  Supply Depot, Terran Infantry Armor Level 1  
  132  8:42  SCV  
  132  8:44  Marine  
  132  8:45  Marauder  
  136  8:49  Orbital Command  
  136  8:53  Supply Depot  
  136  8:56  Marine  
  136  8:57  Supply Depot  
  136  8:58  Medivac  
  136  9:01  Medivac  
  136  9:02  Marine  
  142  9:06  Supply Depot  
  142  9:09  Marauder, Marine  
  145  9:11  Marine x2  
  145  9:15  Widow Mine  
  149  9:23  Marine  
  149  9:24  Marauder  
  147  9:26  Supply Depot  
  147  9:27  Marine  
  147  9:28  Medivac  
  147  9:29  Marauder, Marine  
  147  9:31  Medivac  
  155  9:35  Widow Mine  
  155  9:36  Widow Mine  
  159  9:40  Marine  
  159  9:41  Missile Turret  
  159  9:44  Missile Turret  
  159  9:45  Marauder  
  162  9:46  Armory  
  162  9:51  Marine x2  
  162  9:52  Marauder, Engineering Bay  
  166  9:55  Refinery  
  170  10:00  Marine x2, Widow Mine x2  
  170  10:06  Viking  
  172  10:13  Marauder, Marine  
  167  10:14  Marine  
  167  10:15  Marauder  
  168  10:21  Widow Mine  
  168  10:22  Marauder, Marine  
  162  10:30  Marine  
  144  10:51  Orbital Command  
  144  10:52  Marine  
  144  10:55  Marauder  
  144  10:56  Marine x2  
  141  10:57  Marauder  
  141  10:59  Marine  
  138  11:10  Marine  
  139  11:14  Marine  
  140  11:19  Viking  
  140  11:23  Viking  
  144  11:36  Supply Depot, Widow Mine  
  146  11:51  Marine  
  146  11:52  Marauder  
Tags
 
Add a new tag
Caveats
  • Supply blocks, unpowered buildings, or Contaminate may cause inaccurate times.
  • Supply counts are checked every 10 seconds.